 Dungeon Crawl Stone Soup version 0.28-a0-883-gc8d7bad45d (webtiles) character file.

Game seed: 13607093431071429334

76 horus123 the Conjurer (level 4, -4/24 HPs)
             Began as a Tengu Conjurer on Nov 22, 2021.
             Killed from afar by Natasha (8 damage)
             ... with a magic dart
             ... on level 3 of the Dungeon.
             The game lasted 00:03:04 (2424 turns).

horus123 the Conjurer (Tengu Conjurer)              Turns: 2424, Time: 00:03:04

Health: -4/24      AC:  2    Str:  8    XL:     4   Next: 32%
Magic:  1/10       EV: 12    Int: 19    God:
Gold:   167        SH:  0    Dex: 12    Spells: 5/9 levels left

rFire   . . .      SeeInvis .   (no weapon)
rCold   . . .      Faith    .   (no shield)
rNeg    . . .      Spirit   .   a - +0 robe
rPois   .          Reflect  .   (helmet restricted)
rElec   .          Harm     .   (no cloak)
rCorr   .          Rampage  .   (no gloves)
Will    .....                   (boots unavailable)
Stlth   ++........              (no amulet)
HPRegen 0.08/turn               (no ring)
MPRegen 0.12/turn               (no ring)

@: slowed, very slow
A: beak, talons 3
a: no special abilities


You were on level 3 of the Dungeon.
You visited 1 branch of the dungeon, and saw 3 of its levels.

You collected 167 gold pieces.

Inventory:

Armour
 a - a +0 robe (worn)
Jewellery
 i - an amulet of the acrobat
Wands
 j - a wand of polymorph (14)
Scrolls
 b - a scroll of enchant weapon {unknown}
 c - 2 scrolls of magic mapping {unknown}
 g - a scroll of vulnerability {unknown}
 h - a scroll of torment {unknown}
 l - a scroll of identify {unknown}
Potions
 d - 2 potions of attraction {unknown}
 e - a potion of degeneration {unknown}
 f - a potion of might {unknown}
 k - 2 potions of mutation {unknown}


   Skills:
 - Level 2.1 Dodging
 - Level 2.0 Stealth
 - Level 3.3 Spellcasting
 - Level 6.0 Conjurations
 + Level 0.8 Hexes


You had 5 spell levels left.
You knew the following spells:

 Your Spells              Type           Power      Damage    Failure   Level
a - Magic Dart            Conj           100%       1d8       1%          1
b - Slow                  Hex            24%        N/A       11%         1
c - Searing Ray           Conj           52%        2d6       1%          2

Your spell library contained the following spells:

 Spells                   Type           Power      Damage    Failure   Level
 Dazzling Flash           Conj/Hex       32%        N/A       11%         3
 Confusing Touch          Hex            6%         N/A       30%         3
 Fulminant Prism          Conj/Hex       8%         3d7       34%         4
 Iskenderun's Mystic Bla  Conj/Tloc      14%        2d5       38%         4
 Vampiric Draining        Necr           3%         2d6       41%         3


Dungeon Overview and Level Annotations

Branches:
Dungeon (3/15)

Altars:

Annotations:
D:3 Natasha


Innate Abilities, Weirdness & Mutations

You have a beak for a mouth.
You have claws for feet.


Message History

You feel disoriented.
The river rat twitches its whiskers.
The magic dart hits Natasha.
Natasha is heavily wounded.
Natasha stares at you and mumbles some strange words.
The magic dart hits you.
The magic dart hits the river rat.
The river rat is moderately wounded.
The magic dart hits the river rat but does no damage.
The river rat is lightly wounded.
Natasha hisses.
Natasha casts a spell at you.
You feel yourself slow down.
The magic dart hits the river rat but does no damage.
The river rat is lightly wounded.
The magic dart hits the river rat but does no damage.
The river rat is lightly wounded.
Natasha mumbles some strange words.
The river rat barely misses you.
The magic dart hits the river rat.
The river rat is moderately wounded.
The river rat closely misses you.
The magic dart hits the river rat!
You kill the river rat!
Natasha claws you.
You are too depleted to draw on your mana recklessly!
You are too depleted to draw on your mana recklessly!
You are too depleted to draw on your mana recklessly!
You don't have enough magic to cast this spell.
Natasha claws you.
Natasha wildly gestures.
You feel disoriented. Natasha closely misses you. Natasha claws you!
* * * LOW HITPOINT WARNING * * *
The crimson imp blinks!
There is an open door here.
Natasha growls.
Natasha casts a spell at you. The magic dart hits you!
You die...

### ### #.# #.# ### #.#
#.# ..# #.# #.# #.#
#.####.# #.# #......####
## #@# #.........#
...####h#####.........#
#.......5...#.........##
#...........#...........
#...........'...........
#...........#...........
##'#..##.###............
#.#.. #................
#.... .................


You could see Natasha and a crimson imp (summoned).

Vanquished Creatures
  Natasha (D:3)
  An adder (D:3)
  A river rat (D:3)
  A worm (D:2)
  A dart slug (D:3)
  2 orcs
  2 ball pythons
  2 endoplasms
  A giant cockroach (D:2)
  5 goblins
  A hobgoblin (D:1)
  2 kobolds
  A quokka (D:1)
  3 bats
  A frilled lizard (D:2)
  4 rats
29 creatures vanquished.

Notes
Turn   | Place    | Note
-------+----------+-------------------------------------------
     0 | D:1      | horus123 the Tengu Conjurer began the quest for the Orb.
     0 | D:1      | Reached XP level 1. HP: 10/10 MP: 4/4
   200 | D:1      | Learned a level 1 spell: Slow
   200 | D:1      | Found a faded altar of an unknown god.
   421 | D:1      | Reached XP level 2. HP: 15/15 MP: 4/6
   433 | D:1      | Reached skill level 6 in Conjurations
   503 | D:1      | Learned a level 2 spell: Searing Ray
  1902 | D:3      | Reached XP level 3. HP: 19/19 MP: 4/7
  2127 | D:3      | Noticed Natasha
  2132 | D:3      | Killed Natasha
  2133 | D:3      | Reached XP level 4. HP: 24/24 MP: 3/10
  2409 | D:3      | Noticed Natasha
  2424 | D:3      | Killed from afar by Natasha

Illustrated notes

Levels and vault maps discovered:
D:1:      ncdulo_lavacross, layout_loops_corners,
          shapermc_ecumenical_altar_mp_urbaneastern
D:2:      layout_basic, hangedman_abyss_or_decor_stabs
D:3:      layout_basic, chequers_temple_overflow_statue_of_worship,
          portal_sewer_entry_b, kennysheep_generic_room_3, uniq_natasha

Skill      XL: |  1  2  3 |
---------------+----------+-----
Conjurations   | 6 |  6.0
Spellcasting   | 3 |  3.3
Dodging        | |  2.1
Stealth        | |  2.0
Hexes          | |  0.8

Action                   |  1- 3 |  4- 6 || total
-------------------------+-------+-------++-------
 Cast: Magic Dart        |    42 |    20 ||    62
       Slow              |     2 |       ||     2
       Searing Ray       |     1 |       ||     1
Armor: Robe              |     1 |       ||     1
Dodge: Dodged            |       |     4 ||     4

Table legend: (Time is in decaauts)
 A = Elapsed time spent in this place.
 B = Non-inter-level travel time spent in this place.
 C = Inter-level travel time spent in this place.
 D = Time resting spent in this place.
 E = Time spent auto-exploring this place.
 F = Levels seen in this place.
 G = Mean time per level.
                   A        B        C        D        E       F      G
               +--------+--------+--------+--------+--------+-----+--------+
         Total |   2427 |   2369 |     58 |    222 |   1952 |   3 |  809.0 |
       Dungeon |   2427 |   2369 |     58 |    222 |   1952 |   3 |  809.0 |
               +--------+--------+--------+--------+--------+-----+--------+

Top non-repeatable levels by time:
     D:1: 1014 daAuts
     D:2: 878 daAuts
     D:3: 535 daAuts
